 Dungeon Crawl Stone Soup version 0.31.0-11-ge490571c62 (webtiles) character file.

Game seed: 7548989222144882738

733 Janerl the Cudgeller (level 7, -1/6 HPs)
             Began as a Minotaur Berserker on Feb 9, 2024.
             Was a Priest of Trog.
             Slain by an ufetubus (2 damage)
             ... on level 5 of the Dungeon.
             The game lasted 00:14:22 (3090 turns).

Janerl the Cudgeller (Minotaur Berserker)           Turns: 3090, Time: 00:14:25

Health: -1/6       AC:  4    Str: 22    XL:     7   Next: 45%
Magic:  6/6        EV: 13    Int:  6    God:    Trog [***...]
Gold:   195        SH:  0    Dex: 13    Spells: 6/6 levels left

rFire   + . .        z - +4 whip of Ragnarok {speed, rF+ rC+ Dex+4}
rCold   + . .        (no shield)
rNeg    . . .        n - melded +0 ring mail
rPois   .            (helmet restricted)
rElec   .            (no cloak)
rCorr   .            p - +0 pair of gloves
SInv    .            m - +2 pair of boots
Will    .....        (no amulet)
Stlth   ++           (no ring)
HPRegen 0.21/turn    (no ring)
MPRegen 0.10/turn

%: no passive effects
@: maw-form
A: devouring maw, reduced hp, horns 2, retaliatory headbutt
a: Begin Untransformation, Renounce Religion, Berserk, Trog's Hand


You were on level 5 of the Dungeon.
You worshipped Trog.
Trog was most pleased with you.
You were a creature with a mouth for a stomach.
You visited 1 branch of the dungeon, and saw 5 of its levels.

You collected 255 gold pieces.
You spent 60 gold pieces at shops.

Inventory:

Hand Weapons
 a - a +0 mace
 e - a +1 whip of venom
 z - the +4 whip of Ragnarok (weapon) {speed, rF+ rC+ Dex+4}
   (You found it on level 5 of the Dungeon)

   Dex+4:     It affects your dexterity (+4).
   rF+:       It protects you from fire.
   rC+:       It protects you from cold.
 D - a +2 flail of holy wrath
Armour
 m - a +2 pair of boots (worn)
 n - a +0 ring mail (melded)
 p - a +0 pair of gloves (worn)
Jewellery
 s - an amulet of magic regeneration
 w - the Hermit's Pendant {Faith Invo=14 Evo=0 MP+5}
   (You found it on level 4 of the Dungeon)

   [amulet of faith]

   Invo=14: It sets your Invocations skill to 14.
   Evo=0: It sets your Evocations skill to 0.
   Faith:     It allows you to gain divine favour quickly.
   MP+5:      It affects your magic capacity (+5).
 C - a ring of flight
Talismans
 E - a maw talisman (active)
Scrolls
 b - 2 scrolls of enchant weapon
 c - a scroll of noise {unknown}
 k - a scroll of teleportation
 l - 2 scrolls of revelation {unknown}
 r - 2 scrolls of fear {unknown}
 u - a scroll of poison {unknown}
 v - a scroll of butterflies {unknown}
 y - 2 scrolls of identify {unknown}
 A - 3 scrolls of fog {unknown}
 B - 3 scrolls of silence {unknown}
Potions
 d - 3 potions of brilliance {unknown}
 f - 2 potions of curing
 g - 2 potions of attraction {unknown}
 h - 2 potions of berserk rage {unknown}
 i - 2 potions of lignification {unknown}
 j - a potion of might {unknown}
 o - a potion of degeneration {unknown}
 q - a potion of heal wounds
 t - a potion of magic {unknown}
 x - a potion of mutation {unknown}


   Skills:
 + Level 5.7 Fighting
 + Level 7.4 Maces & Flails
 + Level 4.8 Armour
 + Level 3.9 Dodging
 + Level 1.4 Stealth


You had 6 spell levels left.
You didn't know any spells.
Your spell library was empty.

Dungeon Overview and Level Annotations

Branches:
Dungeon (5/15)
 Temple: D:4-7

Altars:
Dithmenos
Elyvilon
Hepliaklqana
Makhleb
Nemelex Xobeh
Sif Muna
Trog

Shops:
D:1 *   D:2 (   D:5 (


Innate Abilities, Weirdness & Mutations

You are a creature with a mouth for a stomach.
Your midsection houses a second, enormous mouth.
Your maximum health is decreased, since you lack skill for your form.
You have a pair of horns on your head.
You reflexively headbutt those who attack you in melee.


Message History

The bombardier beetle bites you.
You hit the bombardier beetle.
The bombardier beetle is almost dead.
The liquid fire burns you!
You hit the bombardier beetle.
You kill the bombardier beetle!
Trog accepts your kill. The liquid fire burns you!
You shake off the liquid fire.
You now have 195 gold pieces (gained 17).
You see here a staff of air.
There is an entrance to Ronue's Antique Weapon Shoppe here.
An ufetubus comes into view.
Found a maw talisman.
You see here a +0 sling.
The ufetubus slips past you! The ufetubus barely misses you.
The ufetubus hits you but does no damage. x2
The ufetubus barely misses you.
Found 7 stones.
You hit the ufetubus.
The ufetubus is moderately wounded.
The ufetubus barely misses you. The ufetubus hits you.
You whack the ufetubus!
You kill the ufetubus!
Trog accepts your kill.
You see here a +0 sling.
You see here a maw talisman.
E - a maw talisman You begin transforming.
You continue transforming. x3
You turn into a creature with a mouth for a stomach.
Your +0 ring mail melds into your body.
You see here 7 stones.
An ufetubus comes into view.
The ufetubus slips past you! The ufetubus closely misses you.
The ufetubus hits you.
Ouch! That really hurt!
The ufetubus hits you.
* * * LOW HITPOINT WARNING * * *
The ufetubus hits you.
You die...

#^## ###.##. . ...#
####. . #.### #. . ###
##. #. ## ... #.. #. .#
#.####.# ##. .##
...##.# #.. ..####
#.##.## #.# #....####
#.W5..## #.# .###....#
#....##..(### #.# .#
####.#######.##.#...###
###.# .# #...#
#.....##...# #.... .#
###.#####.###......#
#.... .#
####.......###..#####
#.... .#
#..........#....# #####
.# #.........)..##.###
## #.........##......##


You could see an ufetubus.

Vanquished Creatures
  4 scorpions
  A howler monkey (D:4)
  3 bombardier beetles (D:5)
  An orc priest (D:5)
  A gnoll bouda (D:5)
  A hound (D:5)
  A sleepcap (D:5)
  3 iguanas
  3 gnolls (D:5)
  7 adders
  An ufetubus (D:5)
  5 dart slugs
  2 ribbon worms
  4 orcs
  8 bats
  5 endoplasms
  7 giant cockroaches
  4 goblins
  2 hobgoblins
  8 kobolds
  A quokka (D:1)
  8 ball pythons
  3 frilled lizards
  4 rats
87 creatures vanquished.

Notes
Turn   | Place    | Note
-------+----------+-------------------------------------------
     0 | D:1      | Janerl the Minotaur Berserker began the quest for the Orb.
     0 | D:1      | Reached XP level 1. HP: 19/19 MP: 0/0
   109 | D:1      | Reached XP level 2. HP: 23/27 MP: 1/1
   198 | D:1      | Reached skill level 4 in Maces & Flails
   287 | D:1      | Found Qiesef's General Store.
   414 | D:1      | Reached ** piety under Trog
   535 | D:2      | Found Saovor's Antique Weapon Shoppe.
   585 | D:2      | Reached XP level 3. HP: 32/33 MP: 2/2
  1323 | D:1      | Bought a potion of heal wounds for 60 gold pieces
  1413 | D:3      | Found a hazy altar of Hepliaklqana.
  1414 | D:3      | Found a shimmering blue altar of Sif Muna.
  1415 | D:3      | Found a sparkling altar of Nemelex Xobeh.
  1435 | D:3      | Found a shadowy altar of Dithmenos.
  1497 | D:3      | Reached XP level 4. HP: 41/41 MP: 3/3
  1654 | D:3      | Found a burning altar of Makhleb.
  1762 | D:3      | Reached skill level 5 in Maces & Flails
  1870 | D:3      | Reached *** piety under Trog
  2104 | D:4      | Noticed a scorpion
  2113 | D:4      | Killed a scorpion
  2114 | D:4      | Reached XP level 5. HP: 38/47 MP: 4/4
  2210 | D:4      | Found a bloodstained altar of Trog.
  2315 | D:4      | Reached skill level 5 in Fighting
  2385 | D:4      | Reached skill level 1 in Stealth
  2385 | D:4      | Reached XP level 6. HP: 56/56 MP: 5/5
  2390 | D:4      | Reached skill level 6 in Maces & Flails
  2452 | D:4      | Found the Hermit's Pendant {Faith Invo=14 Evo=0 MP+5}
  2464 | D:4      | Found a white marble altar of Elyvilon.
  2652 | D:5      | Entered Level 5 of the Dungeon
  2728 | D:5      | Reached XP level 7. HP: 47/61 MP: 6/6
  2830 | D:5      | Reached skill level 7 in Maces & Flails
  2845 | D:5      | Identified the +4 whip of Ragnarok {speed, rF+ rC+ Dex+4}
  3010 | D:5      | Found Ronue's Antique Weapon Shoppe.
  3090 | D:5      | Slain by an ufetubus

Illustrated notes

Levels and vault maps discovered:
D:1:      roderic_dead_forest, layout_rooms, serial_shops, shop
D:2:      kennysheep_big_flooded_room, layout_basic, serial_shops, shop
D:3:      layout_basic, nicolae_overflow_macrodata_refinement,
          lemuel_crystal_altar, fountainhead
D:4:      layout_cave_pools, elyvilon_altar_3, kennysheep_little_box,
          serial_rivers, chequers_serial_rivers_small_b,
          chequers_serial_rivers_micro_e, chequers_serial_rivers_micro_b,
          chequers_serial_rivers_room_b, chequers_serial_rivers_room_a
D:5:      layout_rooms, serial_shops, shop

Skill      XL: |  1  2  3  4  5  6  7 |
---------------+----------------------+-----
Fighting       | 4 5 |  5.7
Maces & Flails | 4 5 6 7 |  7.4
Armour         | 3 4 |  4.8
Dodging        | 3 |  3.9
Stealth        | 1 |  1.4

Action                     |  1- 3 |  4- 6 |  7- 9 || total
---------------------------+-------+-------+-------++-------
  Melee: Mace              |    26 |       |       ||    26
         Whip              |    72 |    85 |    38 ||   195
         Headbutt          |    15 |    17 |     9 ||    41
         Punch             |     2 |     1 |     1 ||     4
    Use: Potion            |     2 |       |       ||     2
         Scroll            |     1 |     1 |       ||     2
 Armour: Animal skin       |    49 |       |       ||    49
         Ring mail         |    25 |    30 |    11 ||    66
         Skin              |       |       |     3 ||     3
  Dodge: Dodged            |    68 |    41 |    18 ||   127
   Form: Maw               |       |       |     1 ||     1
